 Dungeon Crawl Stone Soup version 0.30.1-4-g462c640d31 (webtiles) character file.

Game seed: 4550340527452592692

94 lonewolfV2 the Shield-Bearer (level 4, -1/29 HPs)
             Began as a Gargoyle Fighter on Aug 25, 2023.
             Slain by a gnoll
             ... wielding a +0 whip
              (5 damage)
             ... on level 3 of the Dungeon.
             The game lasted 00:02:17 (2092 turns).

lonewolfV2 the Shield-Bearer (Gargoyle Fighter)     Turns: 2092, Time: 00:02:18

Health: -1/29      AC: 10    Str: 20    XL:     4   Next: 63%
Magic:  4/4        EV:  9    Int:  8    God:
Gold:   143        SH: 10    Dex: 11    Spells: 3/3 levels left

rFire   + . .        a - +0 war axe
rCold   x . .        c - +1 buckler
rNeg    + . .        b - +0 scale mail
rPois   ∞            (no helmet)
rElec   +            (no cloak)
rCorr   .            (no gloves)
SInv    .            (no boots)
Will    .....        g - amulet of reflection Stlth
                     e - ring of fire
HPRegen 0.24/turn    (no ring)
MPRegen 0.09/turn

%: reflection
@: no status effects
A: sickness immunity, AC +3, negative energy resistance 1, electricity
resistance, torment resistance 1, petrification resistance
a: no special abilities


You were on level 3 of the Dungeon.
You visited 1 branch of the dungeon, and saw 3 of its levels.

You collected 143 gold pieces.

Inventory:

Hand Weapons
 a - a +0 war axe (weapon)
Armour
 b - a +0 scale mail (worn)
 c - a +1 buckler (worn)
Jewellery
 e - a ring of fire (left hand)
 g - an amulet of reflection (around neck)
Scrolls
 f - a scroll of torment
 j - a scroll of enchant armour
Potions
 d - 2 potions of might
 h - a potion of lignification {unknown}
 i - a potion of degeneration {unknown}
 k - a potion of ambrosia {unknown}


   Skills:
 + Level 3.8 Fighting
 + Level 2.8 Axes
 + Level 3.8 Armour
 + Level 0.2 Dodging
 + Level 4.1 Shields


You had 3 spell levels left.
You didn't know any spells.
Your spell library contained the following spells:

 Spells                   Type           Power      Damage    Failure   Level
 Summon Small Mammal      Summ           0%         N/A       83%         1
 Call Canine Familiar     Summ           0%         N/A       99%         3
 Summon Guardian Golem    Hex/Summ       0%         N/A       99%         3
 Dispel Undead            Necr           0%         3d6       100%        4
 Death Channel            Necr           0%         N/A       100%        6
 Cigotuvi's Dreadful Rot  Necr/Pois/Air  Unusable   N/A       N/A         2

Dungeon Overview and Level Annotations

Branches:
Dungeon (3/15)

Altars:
Uskayaw

Shops:
D:3 *


Innate Abilities, Weirdness & Mutations

You are immune to sickness and miasma.
Your stone body is resilient. (AC +3)
You are immune to poison.
You resist negative energy. (rN+)
You are resistant to electric shocks. (rElec)
You are resistant to unholy torment.
You are immune to petrification.


Message History

A gnoll comes into view. It is wielding a +0 whip.
Found 12 gold pieces.
The gnoll shouts!
A gnoll comes into view. It is wielding a +0 whip.
The gnoll shouts!
You barely miss the gnoll. The gnoll hits you with a +0 whip.
The gnoll hits you but does no damage. You block the gnoll's attack.
The gnoll hits you from afar with a +0 halberd.
You slash the gnoll!
The gnoll is heavily wounded.
You block the gnoll's attack. The gnoll barely misses you.
You hit the gnoll.
The gnoll is severely wounded.
You block the gnoll's attack. The gnoll barely misses you. x2
You block the gnoll's attack.
You hit the gnoll but do no damage.
The gnoll is severely wounded.
You block the gnoll's attack.
The gnoll hits you from afar with a +0 halberd.
You hit the gnoll.
You kill the gnoll!
The gnoll hits you from afar with a +0 halberd! x2
The gnoll hits you but does no damage.
You hit the gnoll but do no damage. The gnoll completely misses you.
The gnoll hits you but does no damage.
You barely miss the gnoll. The gnoll barely misses you.
You block the gnoll's attack.
You barely miss the gnoll. The gnoll hits you but does no damage.
You block the gnoll's attack. x2; The gnoll hits you but does no damage.
You slash the gnoll!
The gnoll is severely wounded.
The gnoll barely misses you. The gnoll hits you with a +0 whip.
* * * LOW HITPOINT WARNING * * *
You hit the gnoll.
The gnoll is almost dead.
You block the gnoll's attack. The gnoll barely misses you.
The gnoll hits you from afar with a +0 halberd.
* * * LOW HITPOINT WARNING * * *
The gnoll hits you with a +0 whip.
You die...

..#### .. ###..#..
.....##....$### ##..##
............... ##.##
..............# #....
............gg# . #....
.....^........# ... #....
.>............# #....
#....
..............#####.....#
#....
..............gg@...#
#....
.............#.##........
#....
.............#.#########.
...... ##..........†..##
###### #.........#....# #
##.......#######
#.........# #.........#
#.........#


You could see 2 gnolls.

Vanquished Creatures
  An adder (D:2)
  A gnoll (D:3)
  3 worms
  A dart slug (D:2)
  3 orcs (D:3)
  4 bats
  4 endoplasms
  4 giant cockroaches
  2 goblins
  4 hobgoblins
  4 jackals (D:1)
  6 kobolds
  2 quokkas
  6 ball pythons
  7 frilled lizards
  7 rats
59 creatures vanquished.

Notes
Turn   | Place    | Note
-------+----------+-------------------------------------------
     0 | D:1      | lonewolfV2 the Gargoyle Fighter began the quest for the
                  | Orb.
     0 | D:1      | Reached XP level 1. HP: 14/14 MP: 1/1
    81 | D:1      | Reached XP level 2. HP: 16/19 MP: 2/2
   116 | D:1      | Found a faded altar of an unknown god.
   561 | D:1      | Reached XP level 3. HP: 20/24 MP: 3/3
   622 | D:1      | You fall into a shaft and drop 1 floor!
  1213 | D:2      | Reached skill level 4 in Shields
  1330 | D:2      | Reached XP level 4. HP: 29/29 MP: 4/4
  1791 | D:3      | Found Uroihe's Assorted Antiques.
  2009 | D:3      | Found a hide-covered altar of Uskayaw.
  2092 | D:3      | Slain by a gnoll

Illustrated notes

Levels and vault maps discovered:
D:1:      dpeg_arrival_stone_temple_mockup, layout_loops_corners,
          hellmonk_ecumenical_altar_arch_garden
D:2:      layout_loops_ring, minmay_pentomino_w2
D:3:      layout_rooms, eat_drink_and_be_merry_uskayaw, serial_shops, shop

Skill      XL: |  1  2  3 |
---------------+----------+-----
Axes           | 2 |  2.8
Shields        | 4 |  4.1
Fighting       | |  3.8
Armour         | |  3.8
Dodging        | |  0.2

Action                     |  1- 3 |  4- 6 || total
---------------------------+-------+-------++-------
  Melee: War axe           |   107 |    57 ||   164
    Use: Scroll            |     2 |     2 ||     4
 Armour: Scale mail        |    58 |    18 ||    76
  Dodge: Dodged            |    85 |    18 ||   103
  Block: Buckler           |    34 |    38 ||    72
